 Dungeon Crawl Stone Soup version 0.19-a0-524-gac65b45 (webtiles) character file.

63 AlphabetPasta the Digger (level 3, -2/24 HPs)
             Began as a Demonspawn Earth Elementalist on June 7, 2016.
             Slain by Ijyb
             ... wielding a +6 club
              (11 damage)
             ... on level 3 of the Dungeon.
             The game lasted 00:05:51 (2005 turns).

AlphabetPasta the Digger (DsEE)                     Turns: 2005, Time: 00:05:51

Health: -2/24      AC:  3    Str:  8    XL:     3   Next: 89%
Magic:  7/7        EV:  7    Int: 17    God:
Gold:   141        SH:  0    Dex: 13    Spells: 2 memorised, 5 levels left

rFire  . . .     SeeInvis .     a - 50 stones
rCold  . . .     Gourm    .     c - +0 robe
rNeg   . . .     Faith    .     (no shield)
rPois  .         Spirit   .     (no helmet)
rElec  .         Dismiss  .     (no cloak)
rCorr  .         Reflect  .     (no gloves)
SustAt .         Harm     .     (no boots)
MR     .....                    (no amulet)
Stlth  ++........               (no ring)
                                (no ring)

@: not resistant to hostile enchantments, unstealthy
A: molten scales 1
a: no special abilities


You were on level 3 of the Dungeon.
You were not hungry.

You visited 1 branch of the dungeon, and saw 3 of its levels.

You collected 141 gold pieces.

Inventory:

Hand Weapons
 b - a +0 mace
Missiles
 a - 50 stones (in hand)
Armour
 c - a +0 robe (worn)
Jewellery
 h - a cursed -4 ring of strength {unknown}
 q - an uncursed amulet of regeneration {unknown}
Scrolls
 f - 4 scrolls of identify {unknown}
 i - a scroll of fog {unknown}
 l - a scroll of immolation {unknown}
 m - 2 scrolls of remove curse {unknown}
 p - a scroll of magic mapping {unknown}
Potions
 g - a potion of resistance {unknown}
 j - a potion of curing {unknown}
 k - 2 potions of lignification {unknown}
 o - a potion of flight {unknown}
Books
 e - a book of Geomancy

   Spells                             Type                      Level
   a - Sandblast                      Earth                        1
   b - Passwall                       Transmutation/Earth          2
   c - Stone Arrow                    Conjuration/Earth            3
   d - Petrify                        Transmutation/Earth          4
   e - Lee's Rapid Deconstruction     Earth                        5
Comestibles
 d - a royal jelly
 n - 4 chunks of flesh


   Skills:
 + Level 2.1 Dodging
 - Level 1.7 Stealth
 * Level 3.0 Spellcasting
 - Level 0.8 Transmutations
 * Level 3.5 Earth Magic


You had 5 spell levels left.
You knew the following spells:

 Your Spells              Type           Power        Failure   Level  Hunger
a - Sandblast             Erth           ##....       4%          1    None
b - Passwall              Tmut/Erth      #.........   14%         2    ##.....


Dungeon Overview and Level Annotations

Branches:
Dungeon (3/15)

Altars:

Annotations:
D:3 Ijyb


Innate Abilities, Weirdness & Mutations

You are partially covered in molten scales. (AC +1)


Message History

Magic restored.
You climb downwards.
Level annotation: Ijyb A kobold comes into view.
It is wielding a short sword.
The ball python bites you. The ball python grabs you.
The ball python constricts you.
The kobold moves out of view.
Ijyb hits you with an enchanted club. The ball python misses you.
The ball python constricts you.
There is a stone staircase leading up, spattered with blood here.
You escape the ball python's grasp.
Ijyb hits you with an enchanted club. The ball python barely misses you.
The ball python grabs you.
You stop ascending the stairs.
The ball python constricts you.
A giant gecko comes into view.
Your attempt to break free from the ball python fails, but you feel that another attempt might succeed.
The hobgoblin closely misses you. Ijyb misses you.
The ball python bites you but does no damage.
The ball python constricts you.
You escape the ball python's grasp.
The hobgoblin hits you with a club! Ijyb hits you with an enchanted club!
You die...

###..###
.l..#..
......
..#.##
#....###
#..)...


#ggS# #@# #.# #.# #.# #.# #.# #.. #.. You could see Ijyb, a giant gecko
(wandering), a hobgoblin and a ball python.

Vanquished Creatures
  3 adders (D:2)
  A worm (D:2)
  A giant gecko (D:1)
  A ball python (D:1)
  6 bats
  2 giant cockroaches (D:1)
  7 goblins
  3 hobgoblins
  A giant newt (D:2)
  4 kobolds
  3 rats
32 creatures vanquished.

Notes
Turn   | Place    | Note
--------------------------------------------------------------
     0 | D:1      | AlphabetPasta the Demonspawn Earth Elementalist began the quest for the Orb.
     0 | D:1      | Reached XP level 1. HP: 13/13 MP: 3/3
   525 | D:1      | Gained mutation: You are partially covered in molten scales. (AC +1) [demonic ancestry]
   525 | D:1      | Reached XP level 2. HP: 15/19 MP: 0/5
   582 | D:1      | Learned a level 2 spell: Passwall
  1367 | D:2      | Reached XP level 3. HP: 24/24 MP: 4/7
  1954 | D:3      | Noticed Ijyb
  2005 | D:3      | Slain by Ijyb

Vault maps used:
D:1:      lightli_arrival_farm
D:3:      minmay_misc_feat_nine_boxes, uniq_robin, uniq_iyjb

Skill      XL: |  1  2  3 |
---------------+----------+-----
Earth Magic    | 3 |  3.5
Dodging        | 2 |  2.1
Spellcasting   | 3 |  3.0
Stealth        | |  1.7
Transmutations | |  0.8

Action                   || total
-------------------------++-------
Melee: Unarmed           ||    14
       Mace              ||     6
 Cast: Sandblast         ||    59
 Stab: Sleeping          ||     2
  Eat: Bread ration      ||     1
Armor: Robe              ||    17
Dodge: Dodged            ||    44
